 Dungeon Crawl Stone Soup version 0.30.0-29-ga12c61a403 (webtiles) character file.

Game seed: 5484071566133630045

116 Fodor the Covered (level 4, 0/40 HPs)
             Began as a Minotaur Fighter on June 12, 2023.
             Slain by Sigmund
             ... wielding a +0 scythe
              (7 damage)
             ... on level 2 of the Dungeon.
             The game lasted 00:08:18 (2872 turns).

Fodor the Covered (Minotaur Fighter)                Turns: 2872, Time: 00:08:19

Health: 0/40       AC:  8    Str: 21    XL:     4   Next: 69%
Magic:  3/3        EV:  9    Int:  5    God:
Gold:   99         SH:  0    Dex: 11    Spells: 3/3 levels left

rFire   . . .        a - +0 long sword
rCold   . . .        c - +0 buckler
rNeg    . . .        b - +0 scale mail
rPois   .            (helmet restricted)
rElec   .            (no cloak)
rCorr   .            l - +0 pair of gloves
SInv    .            (no boots)
Will    .....        (no amulet) Stlth
                     (no ring)
HPRegen 0.26/turn    (no ring)
MPRegen 0.08/turn

%: no passive effects
@: confused, brilliant
A: horns 2, retaliatory headbutt
a: no special abilities


You were on level 2 of the Dungeon.
You visited 1 branch of the dungeon, and saw 2 of its levels.

You collected 99 gold pieces.

Inventory:

Hand Weapons
 a - a +0 long sword (weapon)
 j - a +1 dagger of venom
Missiles
 f - 9 stones (quivered)
Armour
 b - a +0 scale mail (worn)
 c - a +0 buckler (worn)
 l - a +0 pair of gloves (worn)
Scrolls
 i - 3 scrolls of identify {unknown}
 m - a scroll of summoning {unknown}
Potions
 d - a potion of might
 g - a potion of attraction {unknown}
 h - a potion of ambrosia {unknown}
 k - a potion of heal wounds {unknown}


   Skills:
 + Level 4.0 Fighting
 + Level 3.7 Long Blades
 + Level 4.7 Armour
 + Level 1.1 Dodging
 + Level 0.4 Stealth
 + Level 4.3 Shields


You had 3 spell levels left.
You didn't know any spells.
Your spell library contained the following spells:

 Spells                   Type           Power      Damage    Failure   Level
 Magic Dart               Conj           0%         1d3       86%         1
 Call Imp                 Summ           0%         N/A       95%         2
 Mephitic Cloud           Conj/Pois/Air  0%         N/A       99%         3


Dungeon Overview and Level Annotations

Branches:
Dungeon (2/15)

Altars:

Shops:
D:2 [[

Annotations:
D:2 Sigmund


Innate Abilities, Weirdness & Mutations

You have a pair of horns on your head.
You reflexively headbutt those who attack you in melee.


Message History

Sigmund gestures at you while chanting. The puff of flame hits you.
Sigmund says, "Don't worry, I'll kill you fast."
Sigmund barely misses you. You furiously retaliate!
You headbutt Sigmund! The giant cockroach bites you.
You hit Sigmund but do no damage. You headbutt Sigmund.
Sigmund is heavily wounded.
The giant cockroach barely misses you. You furiously retaliate!
You headbutt the giant cockroach.
You kill the giant cockroach!
You hit Sigmund.
Sigmund is severely wounded.
Sigmund casts a spell.
Sigmund flickers and vanishes!
Deactivating autopickup; reactivate with Ctrl-A.
You hear a zap.
A puff of flame appears from out of thin air!
The puff of flame hits you!
You hit something. Something hits you.
You barely miss something. You block something's attack.
Unknown command.
You miss something. You barely miss something. Your headbutt misses something.
Something hits you but does no damage.
You miss something.
You hear some strange, mumbled words.
You are confused.
Unknown command.
You're too confused to move!
Something hits you.
You closely miss something.
You hear some strange, mumbled words.
A puff of flame appears from out of thin air!
The puff of flame hits you!
* * * LOW HITPOINT WARNING * * *
You miss something. Your headbutt misses something.
Something hits you but does no damage.
It was a potion of brilliance.
You feel clever all of a sudden. Something hits you!
You die...

#...######## .#
#.............. ##
####...####.<# #.#..
.............###.#.
..................
..#.).#......# #.# #
...#.#..###..###.##'#
....∩............{..#
#..#.#...#######@####
#.#...#.†.....##...#
#........####.####.#
##..........#.# .#
.....###.##.#.# #
##.#.###.##.#.###
##..............#
........###.....#
####.##.........#


There were no monsters in sight!

Vanquished Creatures
  An orc priest (D:2)
  4 adders (D:2)
  2 worms (D:2)
  2 orcs (D:2)
  4 ball pythons (D:1)
  3 bats
  7 endoplasms
  2 giant cockroaches
  3 hobgoblins
  6 kobolds
  2 quokkas
  A frilled lizard (D:1)
  2 goblins
  5 rats
44 creatures vanquished.

Notes
Turn   | Place    | Note
-------+----------+-------------------------------------------
     0 | D:1      | Fodor the Minotaur Fighter began the quest for the Orb.
     0 | D:1      | Reached XP level 1. HP: 19/19 MP: 0/0
   199 | D:1      | Reached XP level 2. HP: 27/27 MP: 1/1
  2087 | D:2      | Found Xeeqoar's Antique Armour Boutique.
  2177 | D:2      | Found Ymum's Armour Emporium.
  2189 | D:2      | Reached XP level 3. HP: 30/33 MP: 2/2
  2619 | D:2      | Reached XP level 4. HP: 23/40 MP: 3/3
  2630 | D:2      | Reached skill level 1 in Dodging
  2853 | D:2      | Noticed Sigmund
  2872 | D:2      | Slain by Sigmund

Illustrated notes

Levels and vault maps discovered:
D:1:      erik_arrival_blinker_ship, layout_basic
D:2:      layout_loops_cross, serial_shops, nicolae_diamond_shop,
          nicolae_shop_advertising_works [nicolae_subvault_shop_adworks],
          nicolae_shop_window_shopping, uniq_sigmund, uniq_jessica

Skill      XL: |  1  2  3  4 |
---------------+-------------+-----
Shields        | 4 |  4.3
Armour         | 4 |  4.7
Long Blades    | 3 |  3.7
Dodging        | 1 |  1.1
Fighting       | 4 |  4.0
Stealth        | |  0.4

Action                     |  1- 3 |  4- 6 || total
---------------------------+-------+-------++-------
  Melee: Long sword        |   105 |    29 ||   134
         Headbutt          |    14 |     7 ||    21
    Use: Potion            |       |     1 ||     1
 Armour: Scale mail        |    64 |     7 ||    71
  Dodge: Dodged            |    45 |     7 ||    52
  Block: Buckler           |    21 |     4 ||    25
